 Dungeon Crawl Stone Soup version 0.28.0 (webtiles) character file.

Game seed: 8638670689684191404

314 lonewolfV2 the Ruffian (level 6, -2/50 HPs)
             Began as a Ghoul Gladiator on Feb 9, 2022.
             Slain by a kobold (4 damage)
             ... in a sewer.
             The game lasted 00:05:15 (4002 turns).

lonewolfV2 the Ruffian (Ghoul Gladiator)            Turns: 4002, Time: 00:05:16

Health: -2/50      AC:  4    Str: 20      XL:     6   Next: 43%
Magic:  5/5        EV:  9    Int:  3      God:
Gold:   74         SH:  0    Dex:  9 (10) Spells: 5/5 levels left

rFire   + . .      SeeInvis .   f - +1 short sword (drain)
rCold   + . .      Faith    .   (no shield)
rNeg    + + +      Spirit   .   a - +0 leather armour
rPois   ∞          Reflect  .   b - +0 helmet
rElec   .          Harm     .   (no cloak)
rCorr   .          Rampage  .   (no gloves)
Will    .....                   (no boots)
Stlth   +.........              (no amulet)
HPRegen 0.00/turn               d - ring of protection from fire
MPRegen 0.09/turn               (no ring)

@: inhibited regen, constricted, very slow
A: claws 1, cold resistance 1, negative energy resistance 3, inhibited
regeneration, torment resistance 2
a: no special abilities


You were in a sewer.
You visited 1 branch of the dungeon, and saw 3 of its levels.
You also visited: Sewer.

You collected 74 gold pieces.

Inventory:

Hand Weapons
 f - a +1 short sword of draining (weapon)
Armour
 a - a +0 leather armour (worn)
 b - a +0 helmet (worn)
Jewellery
 d - a ring of protection from fire (left claw)
 i - a +4 ring of protection
Scrolls
 e - a scroll of identify {unknown}


   Skills:
 + Level 2.6 Fighting
 + Level 2.2 Throwing
 + Level 3.0 Armour
 + Level 3.5 Dodging
 + Level 1.0 Stealth
 + Level 5.3 Unarmed Combat


You had 5 spell levels left.
You didn't know any spells.
Your spell library was empty.

Dungeon Overview and Level Annotations

Branches:
Dungeon (3/15)              Sewer (1/1)

Altars:
Trog


Innate Abilities, Weirdness & Mutations

You thrive by killing the living.
You are immune to poison.
You have sharp fingernails.
Your flesh is cold resistant. (rC+)
You are immune to negative energy. (rN+++)
You do not regenerate when monsters are visible.
You are immune to unholy pain and torment.


Message History

The jackal bites you but does no damage.
The adder bites you.
The kobold hits you with a +0 short sword.
The jackal bites you.
Your unstable footing causes you to fumble your attack.
The adder barely misses you. The jackal closely misses you.
The kobold closely misses you. The adder closely misses you.
You closely miss the jackal.
The jackal is severely wounded.
The jackal splashes around in the water.
The jackal bites you but does no damage.
Unknown command.
You closely miss the jackal.
The jackal is severely wounded.
The adder misses you. The jackal bites you.
* * * LOW HITPOINT WARNING * * *
The adder misses you.
The ball python bites you but does no damage.
The ball python misses you.
The kobold splashes around in the water.
The jackal bites you.
* * * LOW HITPOINT WARNING * * *
Your unstable footing causes you to fumble your attack.
The adder closely misses you. The jackal bites you.
* * * LOW HITPOINT WARNING * * *
The ball python barely misses you. The ball python grabs you.
The ball python constricts you.
* * * LOW HITPOINT WARNING * * *
The kobold barely misses you.
You aren't carrying any potions.
As you read the scroll labelled NORATZ MUNNIEFO, it crumbles to dust.
You speak a Word of immense power!
You are blasted by holy energy!
* * * LOW HITPOINT WARNING * * *
It was a scroll of holy word.
The jackal bites you but does no damage.
The adder bites you.
* * * LOW HITPOINT WARNING * * *
The ball python closely misses you. The ball python constricts you.
The kobold hits you with a +0 short sword.
You die... ..≈≈. ≈≈.≈.. .≈.≈≈. ≈.≈.. ## #.≈P### ..## ##≈.P.≈≈≈ PP#

#rK≈.P## ######P##
#hS≈.≈.# #≈≈≈≈≈.P#≈#
##@Sr≈.≈#
######..#≈###.K######
##≈≈≈....#≈##...†≈≈≈≈#
#≈≈≈≈≈.∩.#≈#.≈≈≈######
##≈≈≈≈.∩.#r#≈....≈...#
##≈≈≈...#≈#.≈.≈≈...P#
##≈≈≈..P......≈≈.PP#≈##
#≈≈≈...PP≈.#.....P≈≈.#
####.....≈####.P..#...#


You could see an adder, a jackal, a ball python, 2 kobolds and 2 rats.

Vanquished Creatures
  A scorpion (D:2)
  An orc wizard (D:2)
  7 gnolls
  6 adders
  A river rat (Sewer)
  2 worms (D:2)
  2 dart slugs
  4 orcs
  7 ball pythons
  9 endoplasms
  5 giant cockroaches
  5 hobgoblins
  3 jackals
  8 kobolds
  2 quokkas
  6 bats
  2 frilled lizards
  9 goblins
  9 rats
89 creatures vanquished.

Vanquished Creatures (others)
  3 plants (Sewer)
3 creatures vanquished.

Grand Total: 92 creatures vanquished

Notes
Turn   | Place    | Note
-------+----------+-------------------------------------------
     0 | D:1      | lonewolfV2 the Ghoul Gladiator began the quest for the Orb.
     0 | D:1      | Reached XP level 1. HP: 17/17 MP: 0/0
   228 | D:1      | Reached XP level 2. HP: 21/24 MP: 1/1
   584 | D:1      | Reached skill level 4 in Unarmed Combat
   676 | D:1      | Found a faded altar of an unknown god.
   695 | D:1      | Reached XP level 3. HP: 27/29 MP: 2/2
  1611 | D:2      | Reached skill level 1 in Armour
  1611 | D:2      | Reached XP level 4. HP: 25/36 MP: 3/3
  1840 | D:2      | Found a bloodstained altar of Trog.
  1931 | D:2      | Noticed a scorpion
  1961 | D:2      | Killed a scorpion
  1962 | D:2      | Reached XP level 5. HP: 12/42 MP: 4/4
  3010 | D:2      | Reached skill level 5 in Unarmed Combat
  3012 | D:2      | Reached XP level 6. HP: 50/50 MP: 5/5
  3527 | D:3      | Found a glowing drain.
  3941 | Sewer    | Entered a sewer
  3967 | Sewer    | Reached skill level 1 in Stealth
  4002 | Sewer    | HP: 2/50 [adder (4)]
  4002 | Sewer    | Slain by a kobold

Illustrated notes

Levels and vault maps discovered:
D:1:      dpeg_cavernosity, layout_rooms, ebering_ecumenical_altar_hall
D:2:      layout_basic, basic_altar, grunt_ministairs_10
D:3:      layout_rooms, gup_sewer_entry_glass,
          amcnicky_mini_rare_corridor_liquid
Sewer:    sewer_co_scattered_pipes

Skill      XL: |  1  2  3  4  5  6 |
---------------+-------------------+-----
Throwing       | 2 |  2.2
Unarmed Combat | 4 5 |  5.3
Dodging        | 3 |  3.5
Armour         | 1 2 3 |  3.0
Stealth        | 1 |  1.0
Fighting       | |  2.6

Action                   |  1- 3 |  4- 6 || total
-------------------------+-------+-------++-------
Melee: Unarmed           |    92 |   191 ||   283
       Punch             |       |     5 ||     5
       Short sword       |       |    11 ||    11
Throw: Throwing net      |     8 |       ||     8
  Use: Scroll            |     2 |     3 ||     5
       Potion            |       |     5 ||     5
Armor: Leather armour    |    32 |    82 ||   114
Dodge: Dodged            |    53 |   174 ||   227
